 Dungeon Crawl Stone Soup version 0.30.1-4-g462c640d31 (webtiles) character file.

Game seed: 1339295772053389481

427 Powssss the Covered (level 6, -2/56 HPs)
             Began as a Minotaur Fighter on July 28, 2023.
             Slain by a wight
             ... wielding a +4 hand axe
              (10 damage)
             ... on level 5 of the Dungeon on Aug 25, 2023.
             The game lasted 00:12:42 (3823 turns).

Powssss the Covered (Minotaur Fighter)              Turns: 3823, Time: 00:12:43

Health: -2/56      AC:  8    Str: 22    XL:     6   Next: 65%
Magic:  5/5        EV:  9    Int:  5    God:
Gold:   246        SH:  5    Dex: 10    Spells: 5/5 levels left

rFire   . . .        j - +0 long sword
rCold   . . .        c - +0 buckler
rNeg    . . .        b - +0 scale mail
rPois   .            h - +1 hat
rElec   +            (no cloak)
rCorr   .            (no gloves)
SInv    .            (no boots)
Will    .....        (no amulet) Stlth
                     (no ring)
HPRegen 0.29/turn    (no ring)
MPRegen 0.09/turn

%: random rage (3%)
@: on berserk cooldown, slowed, studying Long Blades, very slow
A: horns 2, retaliatory headbutt, talons 1, berserk 1, electricity resistance
a: no special abilities


You were on level 5 of the Dungeon.
You visited 2 branches of the dungeon, and saw 6 of its levels.

You collected 246 gold pieces.

Inventory:

Hand Weapons
 a - a +0 flail
 j - a +0 long sword (weapon)
Missiles
 e - a throwing net (quivered)
Armour
 b - a +0 scale mail (worn)
 c - a +0 buckler (worn)
 h - a +1 hat (worn)
Scrolls
 m - a scroll of blinking
 n - a scroll of magic mapping {unknown}
 o - a scroll of identify
 p - 2 scrolls of teleportation {unknown}
Potions
 d - a potion of might
 f - a potion of degeneration
 l - a potion of attraction
 r - a potion of magic {unknown}
 s - a potion of berserk rage {unknown}


   Skills:
 + Level 5.0 Fighting
 + Level 5.6 Long Blades
 - Level 2.9 Maces & Flails
 + Level 6.2 Armour
 + Level 5.0 Shields


You had 5 spell levels left.
You didn't know any spells.
Your spell library contained the following spells:

 Spells                   Type           Power      Damage    Failure   Level
 Freeze                   Ice            0%         1d3       83%         1
 Frozen Ramparts          Ice            0%         1d1       99%         3
 Hailstorm                Conj/Ice       0%         3d3       99%         3


Dungeon Overview and Level Annotations

Branches:
Dungeon (5/15)             Temple (1/1) D:4

Altars:
Cheibriados
Elyvilon
Fedhas
Gozag
Hepliaklqana
Kikubaaqudgha
Nemelex Xobeh
Sif Muna
Trog
Vehumet
Xom
Yredelemnul
Zin
The Shining One


Innate Abilities, Weirdness & Mutations

You have a pair of horns on your head.
You reflexively headbutt those who attack you in melee.
You have sharp toenails.
You sometimes lose your temper in combat.
You are resistant to electric shocks. (rElec)


Message History

You barely miss the wight. Your kick misses the wight.
The wight barely misses you. The wight hits you with a +4 flail.
You feel drained.
You slash the wight! You headbutt the wight.
The wight is almost destroyed.
The wight hits you with a +4 flail.
You feel drained.
You hit the wight but do no damage. You claw the wight, but do no damage.
Your headbutt misses the wight.
The wight is almost destroyed.
The wight barely misses you. You furiously retaliate!
You headbutt the wight, but do no damage.
The wight hits you with a +4 flail!
You barely miss the wight. Your kick misses the wight.
The wight is almost destroyed.
The wight misses you. The wight hits you with a +4 flail!
* * * LOW HITPOINT WARNING * * *
You feel drained.
* * * LOW HITPOINT WARNING * * *
You hit the wight.
You destroy the wight!
The wight hits you with a +3 hand axe.
* * * LOW HITPOINT WARNING * * *
Your Long Blades skill increases to level 5!
Your Armour skill increases to level 6!
You hit the wight but do no damage. You claw the wight.
The wight is severely damaged.
The wight closely misses you. You furiously retaliate!
You headbutt the wight!
You destroy the wight!
Your life force feels restored.
Your Fighting skill increases to level 5!
Your Shields skill increases to level 5!
You slash the wight!
The wight is severely damaged.
The wight barely misses you. x2; The wight misses you.
You hit the wight. Your headbutt misses the wight.
The wight is severely damaged.
The wight hits you from afar with a +0 halberd.
* * * LOW HITPOINT WARNING * * *
The wight hits you with a +4 hand axe!
You die...

#.#..#<# #......+.....#
#.#..#.###.######.....#
#.#..#.........##.....# #
..#..#####.###.##(....#.##
...... ...................
..####.#######....#.....##
#. . #.##......... .
########.........
.....zz@.$.......
##########+###.## #


You could see 2 wights.

Vanquished Creatures
  A water moccasin (D:5)
  2 wights (D:5)
  A hound (D:4)
  Ijyb (D:3)
  An iguana (D:5)
  4 adders
  An ufetubus (D:5)
  2 worms (D:2)
  5 dart slugs
  5 orcs
  2 bats
  9 endoplasms
  A giant cockroach (D:3)
  7 goblins
  3 hobgoblins
  13 jackals
  4 kobolds
  2 quokkas
  7 ball pythons
  A frilled lizard (D:1)
  6 rats
78 creatures vanquished.

Vanquished Creatures (others)
  A goblin (D:2)
1 creature vanquished.

Grand Total: 79 creatures vanquished

Notes
Turn   | Place    | Note
-------+----------+-------------------------------------------
     0 | D:1      | Powssss the Minotaur Fighter began the quest for the Orb.
     0 | D:1      | Reached XP level 1. HP: 19/19 MP: 0/0
    52 | D:1      | Upgraded the game from 0.30.1-3-gfc49f6343a to
                  | 0.30.1-4-g462c640d31
   202 | D:1      | Reached XP level 2. HP: 27/27 MP: 1/1
   215 | D:1      | Reached skill level 4 in Armour
   798 | D:2      | Reached XP level 3. HP: 30/33 MP: 2/2
  1616 | D:3      | Reached XP level 4. HP: 30/40 MP: 3/3
  1991 | D:3      | Reached skill level 5 in Armour
  2141 | D:3      | Noticed Ijyb
  2172 | D:3      | Killed Ijyb
  2173 | D:3      | Reached skill level 1 in Long Blades
  2255 | D:3      | Reached XP level 5. HP: 47/47 MP: 4/4
  2295 | D:3      | Found a basalt altar of Yredelemnul.
  2587 | D:4      | Found a staircase to the Ecumenical Temple.
  2593 | Temple   | Entered the Ecumenical Temple
  2865 | D:4      | Found a snail-covered altar of Cheibriados.
  3583 | D:5      | Entered Level 5 of the Dungeon
  3616 | D:5      | Noticed a water moccasin
  3628 | D:5      | HP: 2/47 [poisoned by a water moccasin]
  3628 | D:5      | Killed a water moccasin
  3629 | D:5      | Reached XP level 6. HP: 2/55 MP: 5/5
  3803 | D:5      | Gained mutation: You have sharp toenails. [potion of
                  | mutation]
  3803 | D:5      | Gained mutation: You sometimes lose your temper in combat.
                  | [potion of mutation]
  3803 | D:5      | Gained mutation: You are resistant to electric shocks.
                  | (rElec) [potion of mutation]
  3821 | D:5      | Reached skill level 5 in Long Blades
  3821 | D:5      | Reached skill level 6 in Armour
  3822 | D:5      | Reached skill level 5 in Fighting
  3822 | D:5      | Reached skill level 5 in Shields
  3823 | D:5      | Slain by a wight

Illustrated notes

Levels and vault maps discovered:
D:1:      sevenhm_arrival_forest_fort_large_3, layout_basic
D:2:      layout_basic, lemuel_flame_loot_1
D:3:      cheibrodos_old_hovel, layout_basic, general_overflow_altar,
          serial_co_window_serial, co_window_of_opportunity_a,
          co_window_paths_a, co_window_paths_a, co_window_corner_a,
          co_window_corner_a, co_window_paths_a, co_window_paths_b,
          co_window_broadway_b, co_window_cross_3, co_window_corner_b,
          co_window_unsneaky_path_e, glass_columns_b, glass_columns_b,
          glass_columns_a, glass_columns_a, glass_columns_a, uniq_ijyb
D:4:      layout_gridville, mainiacjoe_overflow_chevrons, temple_statues
D:5:      layout_basic, mainiacjoe_overflow_alcove_3, serial_bayou_lake_a
Temple:   nicolae_temple_slightly_damp_pantheon

Skill      XL: |  1  2  3  4  5  6 |
---------------+-------------------+-----
Fighting       | 4 5 |  5.0
Armour         | 4 5 6 |  6.2
Shields        | 4 5 |  5.0
Long Blades    | 1 4 5 |  5.6
Maces & Flails | |  2.9

Action                     |  1- 3 |  4- 6 || total
---------------------------+-------+-------++-------
  Melee: Flail             |    43 |       ||    43
         Headbutt          |    12 |    16 ||    28
         Long sword        |    35 |   107 ||   142
         Kick              |       |     4 ||     4
    Use: Scroll            |     2 |     5 ||     7
         Potion            |       |     5 ||     5
 Armour: Scale mail        |    24 |    49 ||    73
  Dodge: Dodged            |    30 |    60 ||    90
  Block: Buckler           |    27 |    20 ||    47
